 Dungeon Crawl Stone Soup version 0.31-a0-960-g0fca184906 (webtiles) character file.

Game seed: 12411573115149162698

1310 Xavori the Slasher (level 8, -2/63 HPs)
             Began as a Djinni Chaos Knight on Oct 23, 2023.
             Was a Plaything of Xom.
             Slain by an ogre
             ... wielding a +0 giant club
              (8 damage)
             ... on level 6 of the Dungeon.
             The game lasted 00:08:08 (13536 turns).

Xavori the Slasher (Djinni Chaos Knight)           Turns: 13536, Time: 00:08:09

Health: -2/63      AC: 18    Str: 10 (11) XL:     8   Next: 88%
Gold:   283        EV:  7    Int: 14      God:    Xom [*.....] SH:  0 Dex: 19

rFire   + + +        y - +2 falchion (holy)
rCold   . . .        (no shield)
rNeg    . . .        B - +6 chain mail of the Spheres {Fly rPois Dex+4}
rPois   ∞            (no helmet)
rElec   .            n - scarf {rC+ rF+}
rCorr   .            g - +0 pair of gloves
SInv    .            (boots unavailable)
Will    .....        (no amulet) Stlth
                     (no ring)
HPRegen 0.30/turn    (no ring)
MPRegen 0.00/turn

%: infuse magic (-3 HP)
@: on berserk cooldown, flying, slowed, very slow
A: sickness immunity, fire resistance 2, cold vulnerability 1, float, innate
caster, HP casting, extra vitality 1, robust 1, shaggy fur 2, inability to drink
after injury 2, inability to read after injury 1, MP-powered wands
a: Renounce Religion


You were on level 6 of the Dungeon.
You worshipped Xom.
You were a special plaything of Xom.
You visited 1 branch of the dungeon, and saw 7 of its levels.

You collected 283 gold pieces.

Inventory:

Hand Weapons
 a - a +0 falchion of chaos
 y - a +2 falchion of holy wrath (weapon)
Armour
 b - a +2 leather armour
 g - a +0 pair of gloves (worn)
 n - a scarf of resistance (worn)
 B - the +6 chain mail of the Spheres (worn) {Fly rPois Dex+4}
   (You found it on level 6 of the Dungeon)

   Dex+4:     It affects your dexterity (+4).
   rPois:     It protects you from poison Fly: It grants you flight.
Wands
 t - a wand of polymorph (3)
 x - a wand of flame (27)
 C - a wand of mindburst (2)
Scrolls
 c - a scroll of butterflies
 f - a scroll of brand weapon
 h - 3 scrolls of identify
 j - a scroll of fog
 k - a scroll of teleportation
 m - a scroll of poison {unknown}
 q - a scroll of immolation {unknown}
 u - a scroll of vulnerability {unknown}
 v - a scroll of revelation {unknown}
 w - a scroll of blinking {unknown}
 z - a scroll of fear {unknown}
Potions
 d - 2 potions of degeneration {unknown}
 e - a potion of heal wounds {unknown}
 i - a potion of invisibility {unknown}
 l - a potion of cancellation {unknown}
 o - a potion of mutation {unknown}
 p - 2 potions of attraction {unknown}
 r - a potion of curing {unknown}
 s - a potion of magic {unknown}
 A - a potion of ambrosia {unknown}


   Skills:
 + Level 4.9 Fighting
 * Level 5.7 Long Blades
 + Level 3.9 Armour
 + Level 4.7 Dodging
 * Level 3.5 Spellcasting
 * Level 3.5 Conjurations
 * Level 3.5 Hexes
 * Level 3.5 Summonings
 * Level 3.5 Necromancy
 * Level 3.5 Translocations
 * Level 3.5 Transmutations
 * Level 3.5 Fire Magic
 * Level 3.5 Ice Magic
 * Level 3.5 Air Magic
 * Level 3.5 Earth Magic
 * Level 3.5 Poison Magic


You knew the following spells:

 Your Spells              Type           Power      Damage    Failure   Level
a - Magic Dart            Conj           48%        1d5       86%         1
b - Scorch                Fire           24%        2d6       94%         2
c - Summon Guardian Gole  Hex/Summ       12%        N/A       99%         3
Your spell library was empty.

Dungeon Overview and Level Annotations

Branches:
Dungeon (7/15)
 Temple: D:4-7

Altars:
Dithmenos
Elyvilon
Ru
The Shining One


Innate Abilities, Weirdness & Mutations

You are immune to sickness and miasma.
You are immune to poison.
Your flesh is very heat resistant. (rF++)
You are vulnerable to cold. (rC-)
You float through the air rather than walking.
You learn spells naturally, not from books.
Your magical power is your life essence.
You have superior vitality. (+4 MHP)
You are robust. (+10% HP)
You are covered in thick fur. (AC +2)
You sometimes lose the ability to drink potions when taking damage.
You occasionally lose the ability to read scrolls when taking damage.
You expend health (3 HP) to strengthen your wands.


Message History

You fly downwards.
You hear the roar of battle.
There is an entrance to a bailey on this level.
Hurry and find it before the portal closes forever!
The ogre shouts!
The orc shouts!
The orc wizard shouts!
The orc shouts!
Found 15 gold pieces.
Found a stone staircase leading down.
There is a stone staircase leading up here.
Unknown command.
Casting: Scorch (dangerous; 94% risk of failure)
Confirm with . or Enter, or press ? or * to list all spells.
You miscast Scorch.
You are very lightly contaminated with residual magic.
Fire whirls out from your hands. You resist.
You hit the orc.
The orc is almost dead.
The orc hits you but does no damage. The ogre hits you with a +0 giant club.
The orc hits you but does no damage. The ogre hits you with a +0 giant club!
You fly upwards.
There is a stone staircase leading down here.
You slash the orc!
You kill the orc!
The ogre hits you with a +0 giant club!
You hit the ogre.
The ogre is lightly wounded.
The ogre hits you with a +0 giant club!
You barely miss the ogre.
The ogre is lightly wounded.
The ogre hits you but does no damage.
You hit the ogre.
The ogre is lightly wounded.
The ogre hits you with a +0 giant club.
Your magical contamination has completely faded away.
You hit the ogre.
The ogre is moderately wounded.
The ogre hits you with a +0 giant club!!
* * * LOW HITPOINT WARNING * * *
You hit the ogre.
The ogre is heavily wounded.
The ogre hits you with a +0 giant club!
You die...
Xom snickers!

.#####...# #...##......#.#
..# #...# #...##......#.#
..#####'####...#####.#.#.#
#..............#####.#.#.#
#######..............#.#.#
# #..................#.#.#
###.##..)............#.#.#
............<...)##..#.#.#
.##.##.#########@##..#.#.#
.##.##.# #O##..#.#.#
....##.# ##.##..#.#.#
.#####.# #####........#.#
...# #.# ##...#........#.#
#..#########...........#.#
#..##~.~~~~†.##........#.#
#...########...........#.#
##.###.##....###.##'##.#.#


You could see an ogre.

Vanquished Creatures
  A sky beast (D:6)
  An ice beast (D:5)
  An ogre (D:5)
  2 phantoms
  2 bullfrogs (D:6)
  2 scorpions
  A hound (D:4)
  A jelly (D:6)
  2 orc priests
  4 iguanas
  A sleepcap (D:6)
  An orc wizard (D:5)
  The ghost of deremet the Covert, a weakling GnDe (D:6)
  3 gnolls (D:4)
  7 adders
  A worm (D:2)
  A dart slug (D:2)
  14 orcs
  8 ball pythons
  7 endoplasms
  2 giant cockroaches
  2 hobgoblins
  3 jackals (D:4)
  8 kobolds
  7 quokkas
  5 bats
  3 frilled lizards
  6 goblins
  9 rats
106 creatures vanquished.

Vanquished Creatures (collateral kills)
  A black bear (D:5)
  An ogre (D:5)
  2 orcs
  A hobgoblin (D:4)
5 creatures vanquished.

Vanquished Creatures (others)
  An iguana zombie (D:5)
1 creature vanquished.

Grand Total: 112 creatures vanquished

Notes
Turn   | Place    | Note
-------+----------+-------------------------------------------
     0 | D:1      | Xavori the Djinni Chaos Knight began the quest for the Orb.
     0 | D:1      | Reached XP level 1. HP: 20/20 MP: 0/0
   230 | D:1      | Reached XP level 2. HP: 25/25 MP: 0/0
   362 | D:1      | XOM: divination: detect items
   534 | D:1      | XOM: silly message
   957 | D:1      | XOM: silly message
  1519 | D:1      | XOM: cloud trail
  1701 | D:1      | XOM: silly message
  3544 | D:1      | XOM: give mutation
  3544 | D:1      | Gained mutation: Your spells are a little easier to cast,
                  | but a little less powerful. [Xom's mischief]
  4027 | D:1      | XOM is BORED!
  4027 | D:1      | XOM: give mutations
  4027 | D:1      | Gained mutation: You are dopey. (Int -2) [Xom's mischief]
  4027 | D:1      | Lost mutation: Your spells are a little easier to cast, but
                  | a little less powerful. [Xom's mischief]
  4027 | D:1      | Gained mutation: Potions are less effective at restoring
                  | your health. [Xom's mischief]
  4050 | D:1      | XOM: noise
  4378 | D:1      | XOM: give mutations
  4378 | D:1      | Gained mutation: Your muscles are strong. (Str +4, Int/Dex
                  | -1) [Xom's mischief]
  4378 | D:1      | Gained mutation: You passively dampen the noise of your
                  | surroundings. [Xom's mischief]
  4536 | D:1      | XOM: give mutations
  4536 | D:1      | Lost mutation: Your muscles are strong. (Str +4, Int/Dex
                  | -1) [Xom's mischief]
  4536 | D:1      | Gained mutation: Potions cannot restore your health. [Xom's
                  | mischief]
  4536 | D:1      | Lost mutation: Potions cannot restore your health. [Xom's
                  | mischief]
  4536 | D:1      | Gained mutation: You expend health (3 HP) to strengthen
                  | your wands. [Xom's mischief]
  4555 | D:1      | XOM: draining
  6207 | D:1      | XOM: silly message
  6235 | D:1      | XOM: summons 4 hostile shadow creatures
  7728 | D:1      | XOM: give mutations
  7728 | D:1      | Gained mutation: You are covered in fur. (AC +1) [Xom's
                  | mischief]
  7728 | D:1      | Lost mutation: You are dopey. (Int -2) [Xom's mischief]
  7728 | D:1      | Gained mutation: You occasionally lose the ability to drink
                  | potions when taking damage. [Xom's mischief]
  7728 | D:1      | Gained mutation: You are frail. (-10% HP) [Xom's mischief]
  7844 | D:1      | XOM: summons 2 hostile demons
  7845 | D:1      | Noticed a quasit
  7845 | D:1      | Noticed a quasit
  7970 | D:2      | Reached XP level 3. HP: 24/25 MP: 0/0
  7970 | D:2      | Learned a level 1 spell: Magic Dart
  8055 | D:2      | XOM: 4-stop teleportation journey
  8074 | D:2      | Reached skill level 3 in Long Blades
  8509 | D:2      | Reached skill level 1 in Spellcasting
  8509 | D:2      | Reached skill level 1 in Conjurations
  8509 | D:2      | Reached skill level 1 in Hexes
  8509 | D:2      | Reached skill level 1 in Summonings
  8509 | D:2      | Reached skill level 1 in Necromancy
  8509 | D:2      | Reached skill level 1 in Translocations
  8509 | D:2      | Reached skill level 1 in Transmutations
  8509 | D:2      | Reached skill level 1 in Fire Magic
  8509 | D:2      | Reached skill level 1 in Ice Magic
  8509 | D:2      | Reached skill level 1 in Air Magic
  8509 | D:2      | Reached skill level 1 in Earth Magic
  8509 | D:2      | Reached skill level 1 in Poison Magic
  8702 | D:2      | XOM: give mutations
  8702 | D:2      | Gained mutation: You sometimes lose your temper in combat.
                  | [Xom's mischief]
  8702 | D:2      | Lost mutation: Potions are less effective at restoring your
                  | health. [Xom's mischief]
  9054 | D:3      | Reached XP level 4. HP: 31/31 MP: 0/0
  9126 | D:3      | XOM: give mutation
  9126 | D:3      | Gained mutation: Your spells are a little easier to cast,
                  | but a little less powerful. [Xom's mischief]
  9184 | D:3      | XOM: give mutations
  9184 | D:3      | Gained mutation: You are covered in thick fur. (AC +2)
                  | [Xom's mischief]
  9184 | D:3      | Lost mutation: Your spells are a little easier to cast, but
                  | a little less powerful. [Xom's mischief]
  9184 | D:3      | Lost mutation: You are frail. (-10% HP) [Xom's mischief]
  9283 | D:3      | XOM: summons 3 hostile demons
  9370 | D:3      | Found a sacrificial altar of Ru.
  9381 | D:3      | Reached XP level 5. HP: 40/40 MP: 0/0
  9381 | D:3      | Learned a level 2 spell: Scorch
  9638 | D:3      | Found a glowing golden altar of the Shining One.
  9692 | D:3      | XOM: summons 3 hostile demons
  9830 | D:3      | XOM: give mutation
  9958 | D:4      | Noticed a phantom
  9963 | D:4      | Killed a phantom
  9964 | D:4      | Reached XP level 6. HP: 38/46 MP: 0/0
 10300 | D:4      | Reached skill level 4 in Long Blades
 10738 | D:5      | Entered Level 5 of the Dungeon
 10898 | D:5      | XOM: give mutations
 10898 | D:5      | Lost mutation: You passively dampen the noise of your
                  | surroundings. [Xom's mischief]
 10898 | D:5      | Gained mutation: You have a pair of small horns on your
                  | head. [Xom's mischief]
 10979 | D:5      | XOM: chaos cloud
 11035 | D:5      | XOM: give mutation
 11035 | D:5      | Lost mutation: You sometimes lose your temper in combat.
                  | [Xom's mischief]
 11145 | D:5      | XOM: silly message
 11181 | D:5      | Noticed an ogre
 11181 | D:5      | Noticed a black bear
 11185 | D:5      | Killed an ogre
 11186 | D:5      | Reached XP level 7. HP: 49/52 MP: 0/0
 11186 | D:5      | Learned a level 3 spell: Summon Guardian Golem
 11347 | D:5      | XOM: blink monster(s)
 11351 | D:5      | XOM: summons 1 hostile demon
 11413 | D:5      | XOM: summons 4 hostile demons
 11414 | D:5      | Noticed a red devil
 11426 | D:5      | XOM: give mutations
 11426 | D:5      | Gained mutation: You have hidden genetic defects. [Xom's
                  | mischief]
 11426 | D:5      | Lost mutation: You have a pair of small horns on your head.
                  | [Xom's mischief]
 11426 | D:5      | Gained mutation: You are robust. (+10% HP) [Xom's mischief]
 11587 | D:5      | XOM: silly message
 11760 | D:5      | Reached XP level 8. HP: 49/63 MP: 0/0
 11760 | D:5      | Gained mutation: You occasionally lose the ability to read
                  | scrolls when taking damage. [hidden defects]
 11904 | D:6      | Reached skill level 5 in Long Blades
 11904 | D:6      | XOM: noise
 11913 | D:6      | XOM: scenery: summon butterflies
 12113 | D:5      | XOM: noise
 12132 | D:5      | XOM: fog
 12142 | D:5      | Gained mutation: You sometimes lose the ability to drink
                  | potions when taking damage. [hidden defects]
 12142 | D:5      | Lost mutation: You have hidden genetic defects. [hidden
                  | defects expressed]
 12457 | D:6      | Found a white marble altar of Elyvilon.
 12510 | D:6      | Found a runed translucent door.
 12519 | D:6      | Noticed deremet's ghost (weakling GnDe)
 12554 | D:6      | Found a shadowy altar of Dithmenos.
 12919 | D:6      | XOM: repel stairs
 12940 | D:6      | Identified the +6 chain mail of the Spheres {Fly rPois
                  | Dex+4}
 13217 | D:6      | XOM: summons 5 hostile demons
 13485 | D:6      | XOM: stat loss: -1 Str (10/11)
 13493 | D:6      | XOM: noise
 13500 | D:6      | Killed deremet's ghost
 13536 | D:6      | Slain by an ogre

Illustrated notes

Levels and vault maps discovered:
D:1:      minmay_arrival_hallway, layout_loops_ring
D:2:      layout_loops_corners
D:3:      layout_loops_ring, lemuel_tele_altar, nicolae_tso_carved_into_rock,
          minmay_misc_feat_tiny
D:4:      layout_loops_cross, st_stairs_3
D:5:      layout_loops_cross
D:6:      layout_basic, mainiacjoe_overflow_brackets, elyvilon_altar_5,
          ebering_ghost_sewer_d
D:7:      layout_rooms, minmay_temple_entry_mini_moons, enter_bailey_3,
          minivault_1

Skill      XL: |  1  2  3  4  5  6  7  8 |
---------------+-------------------------+-----
Long Blades    | 3 4 5 |  5.7
Spellcasting   | 1 2 3 |  3.5
Conjurations   | 1 2 3 |  3.5
Hexes          | 1 2 3 |  3.5
Summonings     | 1 2 3 |  3.5
Necromancy     | 1 2 3 |  3.5
Translocations | 1 2 3 |  3.5
Transmutations | 1 2 3 |  3.5
Fire Magic     | 1 2 3 |  3.5
Ice Magic      | 1 2 3 |  3.5
Air Magic      | 1 2 3 |  3.5
Earth Magic    | 1 2 3 |  3.5
Poison Magic   | 1 2 3 |  3.5
Armour         | 2 3 |  3.9
Dodging        | 3 4 |  4.7
Fighting       | 4 |  4.9

Action                     |  1- 3 |  4- 6 |  7- 9 || total
---------------------------+-------+-------+-------++-------
  Melee: Falchion          |   122 |   177 |   143 ||   442
         Punch             |     2 |     2 |     2 ||     6
         Headbutt          |       |     4 |     2 ||     6
   Cast: Scorch            |       |    21 |    28 ||    49
    Use: Scroll            |       |       |     5 ||     5
         Potion            |       |       |     1 ||     1
   Stab: Sleeping          |       |     1 |       ||     1
 Armour: Leather armour    |    86 |   173 |    98 ||   357
         Chain mail        |       |       |    52 ||    52
  Dodge: Dodged            |    87 |   148 |    97 ||   332

Table legend: (Time is in decaauts)
 A = Elapsed time spent in this place.
 B = Non-inter-level travel time spent in this place.
 C = Inter-level travel time spent in this place.
 D = Time resting spent in this place.
 E = Time spent auto-exploring this place.
 F = Levels seen in this place.
 G = Mean time per level.
                   A        B        C        D        E       F      G
               +--------+--------+--------+--------+--------+-----+--------+
         Total |  13648 |  13386 |    262 |   8117 |   4233 |   7 | 1949.7 |
       Dungeon |  13648 |  13386 |    262 |   8117 |   4233 |   7 | 1949.7 |
               +--------+--------+--------+--------+--------+-----+--------+

Top non-repeatable levels by time:
     D:1: 7854 daAuts
     D:6: 1427 daAuts
     D:5: 1373 daAuts
     D:2: 1101 daAuts
     D:3: 971 daAuts
     D:4: 915 daAuts
     D:7: 5 daAuts
